 Dungeon Crawl Stone Soup version 0.28-a0-1624-g820543e53a (webtiles) character file.

Game seed: 532421115551041163

335 cyrus the Covered (level 6, -1/55 HPs)
             Began as a Minotaur Fighter on Jan 23, 2022.
             Was a Follower of Nemelex Xobeh.
             Succumbed to a scorpion's poison
             ... on level 4 of the Dungeon.
             The game lasted 00:11:30 (3099 turns).

cyrus the Covered (Minotaur Fighter)                Turns: 3099, Time: 00:11:31

Health: -1/55      AC: 12    Str: 21    XL:     6   Next: 28%
Magic:  5/5        EV:  6    Int:  7    God:    Nemelex Xobeh [*.....]
Gold:   216        SH:  0    Dex:  9    Spells: 5/5 levels left

rFire   . . .      SeeInvis .   a - +0 long sword
rCold   . . .      Faith    .   o - orb {mayhem}
rNeg    . . .      Spirit   .   r - +0 plate armour
rPois   .          Reflect  .   (helmet restricted)
rElec   .          Harm     .   (no cloak)
rCorr   .          Rampage  .   (no gloves)
Will    .....                   (no boots)
Stlth   ..........              p - amulet of the acrobat
HPRegen 0.18/turn               l - ring of flight
MPRegen 0.09/turn               (no ring)

@: mighty, lethally poisoned (-1 -> -6), flying
A: horns 2, retaliatory headbutt
a: Renounce Religion, Draw Escape, Draw Destruction, Draw Summoning


You were on level 4 of the Dungeon.
You worshipped Nemelex Xobeh.
Nemelex Xobeh was aware of your devotion.
You visited 1 branch of the dungeon, and saw 4 of its levels.

You collected 216 gold pieces.

Inventory:

Hand Weapons
 a - a +0 long sword (weapon)
Missiles
 j - a throwing net (quivered)
Armour
 b - a +0 scale mail
 c - a +0 buckler
 h - a +0 helmet
 o - an orb of mayhem (worn)
 r - a +0 plate armour (worn)
Jewellery
 e - a ring of magical power
 l - a ring of flight (left hand)
 p - an amulet of the acrobat (around neck)
Scrolls
 g - 2 scrolls of identify {unknown}
 k - 2 scrolls of torment {unknown}
 m - a scroll of noise {unknown}
 q - a scroll of teleportation
Potions
 d - a potion of might
 f - 3 potions of curing {unknown}
 i - 2 potions of magic {unknown}
 n - a potion of mutation {unknown}
 s - 2 potions of attraction {unknown}
 t - a potion of heal wounds {unknown}


   Skills:
 + Level 4.8 Fighting
 + Level 4.6 Long Blades
 + Level 5.6 Armour
 + Level 1.2 Dodging
 + Level 1.2 Stealth
 + Level 4.4 Shields


You had 5 spell levels left.
You didn't know any spells.
Your spell library was empty.

Dungeon Overview and Level Annotations

Branches:
Dungeon (4/15)
 Temple: D:4-7

Altars:
Fedhas
Nemelex Xobeh


Innate Abilities, Weirdness & Mutations

You have a pair of horns on your head.
You reflexively headbutt those who attack you in melee.


Message History

The scorpion stings you! The hound bites you. The scorpion stings you.
You are poisoned.
The scorpion poisons you!
The worm completely misses the hound.
The hound bites you but does no damage.
You slash the hound!
You kill the hound!
You feel very sick.
The scorpion stings you but does no damage.
The scorpion stings you.
The worm barely misses the scorpion.
You have reached level 6!
You feel very mighty all of a sudden.
You feel very sick. The scorpion stings you.
* * * LOW HITPOINT WARNING * * *
You are lethally poisoned!
The scorpion poisons you!
The scorpion stings you but does no damage.
The worm closely misses the scorpion.
You closely miss the scorpion.
* * * LOW HITPOINT WARNING * * *
You feel very sick.
The scorpion stings the worm!
The scorpion stings you but does no damage.
The worm bites the scorpion but does no damage.
You slash the scorpion! You headbutt the scorpion!
You kill the scorpion!
* * * LOW HITPOINT WARNING * * *
You feel very sick.
* * * LOW HITPOINT WARNING * * *
You feel very sick.
* * * LOW HITPOINT WARNING * * *
You feel sick.
You hit the worm.
The worm is heavily wounded.
* * * LOW HITPOINT WARNING * * *
You feel sick. The worm bites you but does no damage.
You slice the worm!!
You kill the worm!
You die...
Your body disappears without a glow.

##..........#
#......##
####.#..##.#
#..÷##..# #.#..##.#
##..###[# #.#...#.#
##...#..
#...#...####..#.##.
##..##........#..##
#..#######...##..#
#..# ####..####..
#@.####......#####
##†...##.####..####
..###..##..#.##
##.....
#....†$†......#
######
####.....<#.... #
#........###
#......###
#.......#
.....#####


There were no monsters in sight!

Vanquished Creatures
  A black bear (D:3)
  A scorpion (D:4)
  A hound (D:4)
  An iguana (D:2)
  Robin (D:3)
  6 adders
  2 worms (D:4)
  A dart slug (D:3)
  An endoplasm (D:4)
  2 giant cockroaches
  7 goblins
  12 hobgoblins
  2 jackals (D:4)
  2 kobolds
  4 quokkas
  3 bats
  5 rats
52 creatures vanquished.

Vanquished Creatures (collateral kills)
  2 goblins (D:3)
  3 hobgoblins (D:3)
  A jackal (D:4)
  A frilled lizard (D:3)
  A rat (D:3)
8 creatures vanquished.

Vanquished Creatures (others)
  2 goblins (D:3)
2 creatures vanquished.

Grand Total: 62 creatures vanquished

Notes
Turn   | Place    | Note
-------+----------+-------------------------------------------
     0 | D:1      | cyrus the Minotaur Fighter began the quest for the Orb.
     0 | D:1      | Reached XP level 1. HP: 19/19 MP: 0/0
   307 | D:1      | Reached XP level 2. HP: 22/27 MP: 1/1
   986 | D:2      | Reached skill level 4 in Armour
  1057 | D:2      | Reached XP level 3. HP: 33/33 MP: 2/2
  1089 | D:2      | Found a sparkling altar of Nemelex Xobeh.
  1098 | D:2      | Became a worshipper of Nemelex Xobeh the Trickster
  1133 | D:2      | Identified the +2 quarterstaff "Serakleu" {vorpal, Int+7}
  1766 | D:3      | Noticed Robin
  1773 | D:3      | Reached XP level 4. HP: 30/40 MP: 3/3
  1784 | D:3      | Killed Robin
  2181 | D:3      | Noticed a black bear
  2190 | D:3      | Killed a black bear
  2191 | D:3      | Reached skill level 1 in Stealth
  2191 | D:3      | Reached XP level 5. HP: 34/47 MP: 4/4
  2413 | D:3      | Reached skill level 1 in Dodging
  2542 | D:3      | Reached skill level 5 in Armour
  2859 | D:4      | Reached * piety under Nemelex Xobeh
  2887 | D:4      | Found a blossoming altar of Fedhas.
  3093 | D:4      | Reached XP level 6. HP: 22/53 MP: 5/5
  3097 | D:4      | HP: 2/55 [poisoned by a scorpion]
  3099 | D:4      | Succumbed to a scorpion's poison

Illustrated notes

Levels and vault maps discovered:
D:1:      ebering_trefoil_3fold, layout_loops_ring, lemuel_old_faithful
D:2:      layout_loops_corners, basic_altar, hangedman_decor_push,
          minmay_misc_feat_columns
D:3:      layout_rooms, uniq_robin
D:4:      layout_rooms, fedhas_altar_fruit_tree

Skill      XL: |  1  2  3  4  5 |
---------------+----------------+-----
Shields        | 4 |  4.4
Fighting       | 4 |  4.8
Armour         | 4 5 |  5.6
Long Blades    | 3 4 |  4.6
Stealth        | 1 |  1.2
Dodging        | 1 |  1.2

Action                   |  1- 3 |  4- 6 || total
-------------------------+-------+-------++-------
Melee: Long sword        |    49 |    58 ||   107
       Headbutt          |     5 |    11 ||    16
  Use: Potion            |     1 |     1 ||     2
       Scroll            |       |     2 ||     2
Armor: Scale mail        |    27 |    20 ||    47
       Plate armour      |       |    17 ||    17
Dodge: Dodged            |    33 |    40 ||    73
Block: Buckler           |     6 |       ||     6

Table legend: (Time is in decaauts)
 A = Elapsed time spent in this place.
 B = Non-inter-level travel time spent in this place.
 C = Inter-level travel time spent in this place.
 D = Time resting spent in this place.
 E = Time spent auto-exploring this place.
 F = Levels seen in this place.
 G = Mean time per level.
                   A        B        C        D        E       F      G
               +--------+--------+--------+--------+--------+-----+--------+
         Total |   3127 |   3127 |      0 |    565 |   1675 |   4 |  781.8 |
       Dungeon |   3127 |   3127 |      0 |    565 |   1675 |   4 |  781.8 |
               +--------+--------+--------+--------+--------+-----+--------+

Top non-repeatable levels by time:
     D:2: 1016 daAuts
     D:3: 987 daAuts
     D:1: 744 daAuts
     D:4: 379 daAuts
